 Dungeon Crawl Stone Soup version 0.18.1-48-g4cf74bf (webtiles) character file.

135846 hairmachine the Eclecticist (level 16, -2/97 HPs)
             Began as a Deep Elf Conjurer on May 30, 2016.
             Was the Champion of Sif Muna.
             Slain by a wolf spider (12 damage)
             ... on level 1 of the Spider Nest on July 2, 2016.
             The game lasted 04:14:34 (35876 turns).

hairmachine the Eclecticist (Deep Elf Conjurer)    Turns: 35876, Time: 04:14:34

Health: -2/97      AC: 15    Str:  5    XL:     16   Next: 65%
Magic:  24/40      EV: 20    Int: 28    God:    Sif Muna [******]
Gold:   2491       SH:  6    Dex: 19    Spells: 12 memorised, 7 levels left

rFire  + + .     SeeInvis .     b - +9 whip of Jianimem {flame, rPois MR+ Dex+4}
rCold  . . .     Gourm    .     F - +2 robe {rF+}
rNeg   + . .     Faith    .     H - +0 buckler
rPois  +         Spirit   .     R - +1 hat "Munweuhi" {rF+ MR+}
rElec  +         Dismiss  .     S - +1 cloak
rCorr  .         Reflect  .     y - +5 pair of gloves of Makhleb's Displeasure {rElec Slay+5}
SustAt .         Harm     .     d - +1 pair of boots
MR     +++..                    t - amulet of magic regeneration
Stlth  ++++......               Y - ring of Qiawozou {rElec rN+}
                                e - ring of wizardry

@: delayed fireball, repel missiles, extremely resistant to hostile
enchantments, stealthy
A: no striking features
a: Channel Energy, Forget Spell, Renounce Religion, Release Delayed Fireball


You were on level 1 of the Spider Nest.
You worshipped Sif Muna.
Sif Muna was exalted by your worship.
You were very hungry.

You visited 6 branches of the dungeon, and saw 29 of its levels.
You also visited: Ice Cave.

You collected 2723 gold pieces.
You spent 232 gold pieces at shops.

Inventory:

Hand Weapons
 b - the +9 whip of Jianimem (weapon) {flame, rPois MR+ Dex+4}
   (You found it on level 14 of the Dungeon)

   It has been specially enchanted to burn those struck by it, causing extra
   injury to most foes and up to half again as much damage against particularly
   susceptible opponents.
   It affects your dexterity (+4).
   It protects you from poison.
   It affects your resistance to hostile enchantments.
 K - the +9 quarterstaff of Paper {venom, rF++}
   (You found it on level 9 of the Dungeon)

   It poisons the flesh of those it strikes.
   It greatly protects you from fire.
 O - the +6 rapier "Uxzeweog" {freeze, rC+ MP+9 Int+4 Dex-2 Stlth+}
   (You found it on level 9 of the Dungeon)

   It has been specially enchanted to freeze those struck by it, causing extra
   injury to most foes and up to half again as much damage against particularly
   susceptible opponents.
   It can also slow down cold-blooded creatures.
   It affects your intelligence (+4).
   It affects your dexterity (-2).
   It protects you from cold.
   It affects your magic capacity (+9).
   It makes you more stealthy.
Armour
 d - a +1 pair of boots (worn)
 y - the +5 pair of gloves of Makhleb's Displeasure (worn) {rElec Slay+5}
   (You acquired it on level 9 of the Dungeon)

   It affects your accuracy and damage with ranged weapons and melee attacks
   (+5).
   It insulates you from electricity.
 F - a +2 robe of fire resistance (worn)
 H - a +0 buckler (worn)
 R - the +1 hat "Munweuhi" (worn) {rF+ MR+}
   (You found it on level 2 of the Lair of Beasts)

   It protects you from fire.
   It affects your resistance to hostile enchantments.
 S - a +1 cloak (worn)
Jewellery
 e - a ring of wizardry (left hand)
 n - an uncursed ring of wizardry
 t - an amulet of magic regeneration (around neck)
 v - the ring "Litumyr" {rCorr MR+ MP+9 Int+5}
   (You found it on level 5 of the Dungeon)

   [ring of resist corrosion]

   It affects your intelligence (+5).
   It affects your resistance to hostile enchantments.
   It affects your magic capacity (+9).
 T - an uncursed amulet of regeneration
 Y - the ring of Qiawozou (right hand) {rElec rN+}
   (You found it in an ice cave)

   [ring of positive energy]

   It insulates you from electricity.
   It protects you from negative energy.
Wands
 I - a wand of digging (11/24)
 L - a wand of slowing (13/48)
 M - a wand of heal wounds (7/9)
 N - a wand of hasting (4/9)
Scrolls
 h - 3 scrolls of blinking
 k - 5 scrolls of enchant weapon
 l - 3 scrolls of teleportation
 p - 17 scrolls of remove curse
 u - 3 scrolls of enchant armour
 w - 4 scrolls of recharging
 C - a scroll of magic mapping
 D - 6 scrolls of fear
 U - 2 scrolls of identify
 W - a scroll of summoning
Potions
 a - a potion of cancellation
 f - 2 potions of cure mutation
 i - 4 potions of haste
 j - 2 potions of flight
 q - 2 potions of ambrosia
 r - 4 potions of resistance
 x - 3 potions of heal wounds
 P - a potion of magic
 V - a potion of might
 Z - 5 potions of curing
Books
 o - Sif Muna's Almanac of Shifting Conjuration
   (Sif Muna gifted it to you on level 1 of the Spider Nest)

   Spells                             Type                      Level
   a - Throw Flame                    Conjuration/Fire             2
   b - Petrify                        Transmutation/Earth          4
   c - Lightning Bolt                 Conjuration/Air              5
   d - Yara's Violent Unravelling     Hexes/Transmutation          5
   e - Lehudib's Crystal Spear        Conjuration/Earth            8
   f - Necromutation                  Transmutation/Necromancy     8
 s - a book of the Sky

   Spells                             Type                      Level
   a - Summon Lightning Spire         Summoning/Air                4
   b - Airstrike                      Air                          4
   c - Silence                        Hexes/Air                    5
   d - Deflect Missiles               Charms/Air                   6
   e - Conjure Ball Lightning         Conjuration/Air              6
   f - Tornado                        Air                          9
 z - a Grand Grimoire

   Spells                             Type                      Level
   a - Monstrous Menagerie            Summoning                    7
   b - Summon Greater Demon           Summoning                    7
   c - Malign Gateway                 Summoning/Translocation      7
   d - Summon Horrible Things         Summoning                    8
Miscellaneous
 Q - a sack of spiders {used: 1}
Comestibles
 c - 10 bread rations
 g - 7 fruits
 m - 11 meat rations
 B - 4 slices of pizza
 G - 5 beef jerkies
 J - 10 royal jellies


   Skills:
 + Level 10.2 Fighting
 - Level 1.4 Staves
 - Level 9.3 Dodging
 - Level 8.1 Stealth
 - Level 6.2 Shields
 - Level 18.0 Spellcasting
 + Level 16.8 Conjurations
 - Level 8.2 Charms
 - Level 3.4 Translocations
 - Level 10.1 Fire Magic
 - Level 6.0 Earth Magic
 - Level 7.4 Evocations


You had 7 spell levels left.
You knew the following spells:

 Your Spells              Type           Power        Failure   Level  Hunger
a - Magic Dart            Conj           ####         0%          1    None
b - Ring of Flames        Chrm/Fire      ######....   16%         7    ####...
c - Iskenderun's Mystic   Conj           #######.     1%          4    None
d - Iskenderun's Battles  Conj/Chrm      #######.     1%          5    None
e - Blink                 Tloc           N/A          1%          2    None
f - Repel Missiles        Chrm/Air       #####.       1%          2    None
g - Mephitic Cloud        Conj/Pois/Air  ######..     1%          3    None
h - Conjure Flame         Conj/Fire      #######.     1%          3    None
i - Passage of Golubria   Tloc           N/A          2%          4    None
j - Iron Shot             Conj/Erth      ######....   1%          6    ##.....
k - Fireball              Conj/Fire      #######...   1%          5    None
l - Delayed Fireball      Conj/Fire      N/A          3%          7    ####...


Dungeon Overview and Level Annotations

Branches:
Dungeon (14/15)            Temple (1/1) D:6            Lair (8/8) D:10
  Swamp (3/4) Lair:5       Spider (1/4) Lair:3        Slime (0/6) Lair:6
    Orc (2/2) D:9             Elf (0/3) Orc:2
 Vaults: D:13-14

Altars:
Cheibriados
Dithmenos
Elyvilon
Fedhas
Gozag
Kikubaaqudgha
Makhleb
Nemelex Xobeh
Okawaru
Pakellas
Qazlal
Ru
Sif Muna
Trog
Vehumet
Xom
Yredelemnul
Zin
The Shining One

Shops:
D:8 [   Orc:2 (**[

Portals:
Bazaar: D:11

Annotations:
D:6 Eustachio
D:11 exclusion: obsidian statue
Lair:4 exclusion: 2 oklob plants
Swamp:1 exclusion: Roxanne, Kirke, Roxanne
Swamp:3 exclusion: 2 oklob plants


Message History

You start resting.
A wolf spider comes into view.
You swap places.
The wolf spider hits your battlesphere!!
The wolf spider bites your battlesphere!
Your battlesphere is destroyed!
The wolf spider closely misses you. The wolf spider barely misses you.
The wolf spider hits you!
* * * LOW HITPOINT WARNING * * *
The wolf spider misses you.
Casting: Iskenderun's Mystic Blast
Confirm with . or Enter, or press ? or * to list all spells.
Aiming: Iron Shot
Press: ? - help, Shift-Dir - straight line, f - wolf spider
Aim: a wolf spider (clinging)
The iron shot hits the wolf spider.
The wolf spider is severely wounded.
You are feeling very hungry.
The wolf spider hits you!
You die...

#.#...#.#......#
#..#.#.......#..#
#..#<^.##.#.##..##
#.#...##.###.##..#
#.....#..#......###
#.^##.#...##...#..##
#.....#.#...##.....#
#.#..##.#.#.#...^##
##....@s....##.#†.#
#.^##..#..#..#...##
##...#.##..#..#.^##
#.......#..###.†..#
#.##...#..#^....###
#....##.#.^##.#.†.##
#.#..#...#....#....###
#..#.#.#.[#.##..##[..##
##..#.##...#......##...


You could see a wolf spider.

Vanquished Creatures
  Rupert (Lair:4)
  Gastronok (Lair:1)
  3 thorn hunters
  A frost giant (IceCv)
  The ghost of manyhoops the Bludgeoner, a journeyman OgBe of Trog (D:12)
  Harold (Lair:1)
  A vault guard (D:14)
  Erolcha (D:11)
  10 hydras
  A ghost crab (Swamp:3)
  2 centaur warriors
  3 catoblepae (Lair:8)
  14 death yaks
  The ghost of ThereIsNoGod the Grappler, a journeyman VSMo of Cheibriados (D:12)
  The ghost of protoss039 the Basher, a journeyman GrFi of Lugonu (D:12)
  The ghost of simples the Severer, a novice MiBe of Trog (D:9)
  7 alligators
  3 orc high priests (Orc:2)
  2 spriggans
  Sonja (Lair:2)
  2 unseen horrors (D:14)
  8 hill giants
  A swamp dragon (Swamp:2)
  3 shambling mangroves (Swamp:3)
  6 orb spiders (Spider:1)
  A lindwurm (Lair:5)
  11 wolf spiders
  5 orc knights (Orc:2)
  A griffon (D:13)
  5 orc sorcerers (Orc:2)
  A cyclops (Orc:2)
  2 ugly things
  A manticore (D:11)
  19 elephants
  A torpor snail (Lair:3)
  An ice statue (IceCv)
  Psyche (D:9)
  8 black mambas
  3 centaur skeletons
  A gargoyle (D:10)
  11 spiny frogs
  2 efreet
  3 demonic crawlers (Spider:1)
  6 rime drakes
  2 freezing wraiths (D:14)
  10 komodo dragons
  10 trolls
  13 jumping spiders
  5 giant leeches
  A two-headed ogre (D:13)
  14 polar bears (IceCv)
  15 slime creatures
  14 blink frogs
  2 boulder beetles
  2 vampires
  19 redbacks
  9 wyverns
  A tarantella (shapeshifter) (D:14)
  13 tarantellas
  51 yaks
  11 hippogriffs
  4 basilisks
  4 hungry ghosts
  12 vampire mosquitoes
  17 swamp worms
  13 water moccasins
  5 ice beasts
  10 porcupines
  2 eyes of draining
  A black bear (D:8)
  29 orc warriors
  6 sky beasts
  16 ogres
  3 swamp drakes (Swamp:1)
  2 necrophages
  4 phantoms
  5 wasps
  22 wolves
  2 centaurs
  3 big kobolds
  22 crocodiles
  13 giant frogs
  5 gnoll sergeants (D:9)
  A wyvern skeleton (D:12)
  6 scorpions
  14 killer bees
  15 wights
  4 electric eels
  2 vampire bats (D:5)
  6 howler monkeys
  6 crimson imps
  A giant frog zombie (D:9)
  3 centaur zombies
  2 lava snakes (Lair:7)
  A quasit (D:10)
  A wasp zombie (D:9)
  7 hounds
  13 jellies
  14 orc priests
  4 giant frog skeletons
  13 iguanas
  Jessica (D:3)
  10 worker ants
  Terence (D:3)
  24 orc wizards
  33 sheep
  2 hound skeletons (D:5)
  A howler monkey zombie (D:6)
  2 worker ant zombies
  6 gnolls
  16 adders
  65 river rats
  A shadow imp (D:13)
  12 white imps (Lair:3)
  9 oozes
  A worm (D:2)
  2 adder skeletons
  3 dart slugs
  2 giant geckos
  79 orcs
  8 bats
  2 bat skeletons (D:5)
  3 bat zombies (D:5)
  3 giant cockroaches
  3 goblins
  9 hobgoblins
  7 jackals
  21 kobolds
  3 quokkas
  2 ball pythons (D:2)
  2 giant gecko zombies
  7 giant newts
  A jackal skeleton (D:8)
  2 jackal zombies (D:5)
  A quokka skeleton (D:5)
  A quokka zombie (D:8)
  7 rats
1016 creatures vanquished.

Vanquished Creatures (others)
  2 polar bears (IceCv)
  4 yaks (IceCv)
  5 wolves (IceCv)
  An orc (D:9)
  43 fungi
  21 plants
  10 toadstools (Lair:5)
86 creatures vanquished.

Grand Total: 1102 creatures vanquished

Notes
Turn   | Place    | Note
--------------------------------------------------------------
     0 | D:1      | hairmachine the Deep Elf Conjurer began the quest for the Orb.
     0 | D:1      | Reached XP level 1. HP: 10/10 MP: 6/6
   255 | D:1      | Reached XP level 2. HP: 15/15 MP: 5/8
   336 | D:1      | Reached skill level 5 in Conjurations
   377 | D:1      | Learned a level 2 spell: Searing Ray
  1220 | D:2      | Reached XP level 3. HP: 19/19 MP: 7/9
  2073 | D:3      | Noticed Terence
  2079 | D:3      | Killed Terence
  2079 | D:3      | Reached XP level 4. HP: 14/24 MP: 5/10
  2401 | D:3      | Noticed Jessica
  2408 | D:3      | Killed Jessica
  2500 | D:3      | Learned a level 4 spell: Iskenderun's Mystic Blast
  2760 | D:3      | Found a burning altar of Makhleb.
  2762 | D:3      | Noticed a green death
  2766 | D:3      | Noticed a hellwing
  2766 | D:3      | Noticed a ynoxinul
  2817 | D:4      | You fall through a shaft for 3 floors!
  2836 | D:7      | Noticed an orc warrior
  3218 | D:6      | Noticed Eustachio
  3271 | D:6      | Reached XP level 5. HP: 28/28 MP: 7/11
  3296 | D:6      | Found a white marble altar of Elyvilon.
  3396 | D:5      | Entered Level 5 of the Dungeon
  3396 | D:5      | Noticed an ogre
  3404 | D:6      | Found a sand-covered staircase.
  3530 | D:6      | Found a staircase to the Ecumenical Temple.
  3679 | D:6      | Noticed an ogre
  3708 | D:6      | Killed an ogre
  3708 | D:6      | Reached skill level 4 in Spellcasting
  3708 | D:6      | Reached XP level 6. HP: 29/32 MP: 4/14
  3899 | Temple   | Entered the Ecumenical Temple
  4041 | D:5      | Learned a level 5 spell: Iskenderun's Battlesphere
  4080 | D:5      | Found a stormy altar of Qazlal.
  4276 | D:5      | Found a sparkling altar of Nemelex Xobeh.
  4314 | D:5      | Learned a level 2 spell: Blink
  4330 | D:5      | Noticed an ice beast
  4363 | D:5      | Killed an ice beast
  4471 | D:5      | Reached XP level 7. HP: 36/36 MP: 6/16
  4839 | D:5      | Found an ancient bone altar of Kikubaaqudgha.
  4906 | D:5      | Found a shadowy altar of Dithmenos.
  5242 | D:5      | Reached skill level 10 in Conjurations
  5302 | D:5      | Reached XP level 8. HP: 31/41 MP: 8/17
  5590 | D:5      | Got a translucent amber ring
  5599 | D:5      | Identified the ring "Litumyr" {rCorr MR+ MP+9 Int+5} (You found it on level 5 of the Dungeon)
  6095 | D:7      | Reached skill level 5 in Dodging
  6107 | D:7      | Found a glowing golden altar of the Shining One.
  6192 | D:7      | Reached XP level 9. HP: 43/45 MP: 18/18
  6201 | D:7      | Reached skill level 1 in Translocations
  6258 | D:7      | Found a deep blue altar of Sif Muna.
  6260 | D:7      | Found an oddly glowing altar of Pakellas.
  6262 | D:7      | Found a blossoming altar of Fedhas.
  6264 | D:7      | Found a stormy altar of Qazlal.
  6264 | D:7      | Found a basalt altar of Yredelemnul.
  6268 | D:7      | Found a shimmering altar of Xom.
  6281 | D:7      | Became a worshipper of Sif Muna the Loreminder
  6768 | D:8      | Reached skill level 5 in Spellcasting
  7100 | D:8      | Reached skill level 1 in Fighting
  7100 | D:8      | Reached skill level 6 in Spellcasting
  7455 | D:8      | Learned a level 2 spell: Repel Missiles
  7457 | D:8      | Noticed a troll
  7460 | D:8      | Killed a troll
  7460 | D:8      | Reached * piety under Sif Muna
  7460 | D:8      | Reached skill level 7 in Spellcasting
  7473 | D:8      | Learned a level 3 spell: Mephitic Cloud
  7591 | D:8      | Found Moghetust's Armour Emporium.
  7823 | D:8      | Reached skill level 8 in Spellcasting
  8107 | D:9      | Reached skill level 9 in Spellcasting
  8111 | D:9      | Noticed simples's ghost (novice MiBe)
  8360 | D:8      | Learned a level 3 spell: Conjure Flame
  8603 | D:8      | Reached ** piety under Sif Muna
  8652 | D:8      | Reached skill level 10 in Spellcasting
  9156 | D:9      | Reached XP level 10. HP: 52/53 MP: 26/26
  9279 | D:9      | Killed simples's ghost
  9279 | D:9      | Reached skill level 11 in Spellcasting
  9536 | D:9      | Got an ebony quarterstaff
  9537 | D:9      | Identified the +9 quarterstaff of Paper {venom, rF++} (You found it on level 9 of the Dungeon)
  9598 | D:9      | Reached *** piety under Sif Muna
  9621 | D:9      | Reached skill level 1 in Staves
  9676 | D:9      | Got a transparent rapier
  9677 | D:9      | Identified the +6 rapier "Uxzeweog" {freeze, rC+ MP+9 Int+4 Dex-2 Stlth+} (You found it on level 9 of the Dungeon)
 10169 | D:9      | Found a radiant altar of Vehumet.
 10189 | D:9      | Noticed Psyche
 10193 | D:9      | Killed Psyche
 10193 | D:9      | Reached skill level 12 in Spellcasting
 10363 | D:9      | Reached **** piety under Sif Muna
 10392 | D:9      | Found a staircase to the Orcish Mines.
 10580 | D:10     | Entered Level 10 of the Dungeon
 10728 | D:10     | Reached XP level 11. HP: 49/57 MP: 29/29
 10746 | D:10     | Noticed a hill giant
 10751 | D:10     | Killed a hill giant
 10791 | D:10     | Found a blossoming altar of Fedhas.
 10819 | D:10     | Noticed a hill giant
 10827 | D:10     | Killed a hill giant
 10827 | D:10     | Reached skill level 1 in Fire Magic
 10908 | D:10     | Reached skill level 5 in Stealth
 11106 | D:10     | Noticed a hill giant
 11128 | D:10     | Killed a hill giant
 11196 | D:10     | Reached ***** piety under Sif Muna
 11217 | D:10     | Found a staircase to the Lair.
 11230 | Lair:1   | Entered Level 1 of the Lair of Beasts
 11247 | Lair:1   | Noticed Gastronok
 11255 | Lair:1   | Killed Gastronok
 11487 | Lair:1   | Noticed Harold
 11493 | Lair:1   | Killed Harold
 11562 | Lair:1   | Noticed a seven-headed hydra
 11566 | Lair:1   | Killed a seven-headed hydra
 11566 | Lair:1   | Reached skill level 13 in Spellcasting
 11577 | Lair:1   | Noticed a seven-headed hydra
 11581 | Lair:1   | Killed a seven-headed hydra
 11581 | Lair:1   | Reached XP level 12. HP: 64/64 MP: 31/31
 12340 | Lair:2   | Noticed Sonja
 12344 | Lair:2   | Killed Sonja
 12486 | Lair:2   | Got a polished hat
 12497 | Lair:2   | Identified the +1 hat "Munweuhi" {rF+ MR+} (You found it on level 2 of the Lair of Beasts)
 12646 | Lair:2   | Reached skill level 14 in Spellcasting
 13063 | Lair:3   | Noticed a five-headed hydra
 13065 | Lair:3   | Killed a five-headed hydra
 13065 | Lair:3   | Reached skill level 5 in Fighting
 13144 | Lair:3   | Found a hole to the Spider Nest.
 13339 | Lair:3   | Noticed a death yak
 13389 | Lair:3   | Killed a death yak
 13389 | Lair:3   | Reached ****** piety under Sif Muna
 13389 | Lair:3   | Received a gift from Sif Muna
 13410 | Lair:3   | Identified Sif Muna's Tome of Translocation and Confrontation (Sif Muna gifted it to you on level 3 of the Lair of Beasts)
 13416 | Lair:3   | Learned a level 4 spell: Passage of Golubria
 13423 | Lair:3   | Learned a level 6 spell: Iron Shot
 13602 | Lair:3   | Reached skill level 1 in Earth Magic
 13659 | Lair:3   | Found a frozen archway.
 13670 | IceCv    | Entered an ice cave
 14183 | IceCv    | Reached skill level 5 in Earth Magic
 14601 | IceCv    | Noticed a death yak
 14606 | IceCv    | Reached XP level 13. HP: 74/74 MP: 33/33
 14609 | IceCv    | Reached skill level 15 in Spellcasting
 14882 | IceCv    | Noticed a frost giant
 14895 | IceCv    | Killed a frost giant
 15189 | IceCv    | HP: 3/76 [something (5)]
 15481 | IceCv    | Got a flickering tin ring
 15483 | IceCv    | Identified the ring of Qiawozou {rElec rN+} (You found it in an ice cave)
 16053 | Lair:4   | Noticed Rupert
 16062 | Lair:4   | Killed Rupert
 16308 | Lair:4   | Learned a level 5 spell: Bolt of Magma
 16904 | Lair:4   | Received a gift from Sif Muna
 16914 | Lair:4   | Identified Sif Muna's Reference Book on Bewitching Summoning (Sif Muna gifted it to you on level 4 of the Lair of Beasts)
 18110 | Lair:5   | Found a staircase to the Swamp.
 18152 | Lair:5   | Reached skill level 15 in Conjurations
 19256 | Lair:6   | Found a staircase to the Slime Pits.
 19273 | Lair:6   | Reached XP level 14. HP: 84/84 MP: 23/35
 21044 | Lair:7   | Reached skill level 1 in Evocations
 21432 | Lair:8   | Entered Level 8 of the Lair of Beasts
 21770 | Lair:8   | Reached skill level 16 in Spellcasting
 21912 | Lair:8   | Received a gift from Sif Muna
 21921 | Lair:8   | Learned a level 5 spell: Fireball
 21929 | Lair:8   | Learned a level 7 spell: Delayed Fireball
 22463 | Lair:8   | Reached skill level 5 in Evocations
 22724 | Lair:8   | Reached skill level 17 in Spellcasting
 23148 | Lair:8   | Got a bound marble ring
 23150 | Lair:8   | Identified the ring of the Devil {rPois MR+ Str+9 Int-2 Slay-3} (You found it on level 8 of the Lair of Beasts)
 23507 | D:9      | Identified a scroll of acquirement
 23512 | D:9      | Got a pair of brightly glowing gloves
 23523 | D:9      | Identified the +5 pair of gloves of Makhleb's Displeasure {rElec Slay+5} (You acquired it on level 9 of the Dungeon)
 23599 | D:11     | Reached XP level 15. HP: 89/89 MP: 38/38
 23613 | D:11     | Reached skill level 1 in Shields
 23798 | D:11     | Noticed Erolcha
 23810 | D:11     | Killed Erolcha
 23908 | D:11     | Found a gateway to a bazaar.
 24425 | Orc:1    | Entered Level 1 of the Orcish Mines
 24963 | Orc:2    | Entered Level 2 of the Orcish Mines
 25153 | Orc:2    | Found Heopit's Antique Armour Emporium.
 25153 | Orc:2    | Found a staircase to the Elven Halls.
 25418 | Orc:2    | Found Qigako's Magic Scroll Boutique.
 25642 | Orc:2    | Reached skill level 5 in Shields
 26323 | Orc:2    | Found Ruapte's General Store.
 26478 | Orc:2    | Found Sysma's Weapon Emporium.
 26507 | Orc:2    | Found Modwaacu's Assorted Antiques.
 26507 | Orc:2    | Found Ciorch's Weapon Shop.
 26568 | Orc:2    | Bought a scroll of blinking for 232 gold pieces
 27053 | D:12     | Learned a level 7 spell: Ring of Flames
 27146 | D:12     | Found a sacrificial altar of Ru.
 27320 | D:12     | Noticed ThereIsNoGod's ghost (journeyman VSMo)
 27323 | D:12     | Killed ThereIsNoGod's ghost
 27404 | D:12     | Noticed manyhoops's ghost (journeyman OgBe)
 27409 | D:12     | Killed manyhoops's ghost
 27414 | D:12     | Noticed protoss039's ghost (journeyman GrFi)
 27419 | D:12     | Killed protoss039's ghost
 27994 | D:12     | Got a translucent helmet
 28020 | D:12     | Identified the cursed +0 helmet of Disguise {rPois} (You found it on level 12 of the Dungeon)
 28229 | D:12     | Reached skill level 5 in Charms
 29220 | D:14     | Received a gift from Sif Muna
 29377 | D:14     | Got a brightly glowing whip
 29380 | D:14     | Identified the +9 whip of Jianimem {flame, rPois MR+ Dex+4} (You found it on level 14 of the Dungeon)
 29432 | D:14     | Found a white marble altar of Elyvilon.
 30348 | Swamp:1  | Entered Level 1 of the Swamp
 30504 | Swamp:1  | Noticed Roxanne
 30842 | Swamp:2  | Upgraded the game from 0.18.1-8-gdd0e5ea to 0.18.1-48-g4cf74bf
 31573 | Swamp:2  | Noticed a thorn hunter
 31576 | Swamp:2  | Killed a thorn hunter
 31576 | Swamp:2  | Reached skill level 10 in Fire Magic
 31713 | Swamp:2  | Reached XP level 16. HP: 84/94 MP: 21/39
 31890 | Swamp:1  | Noticed Kirke
 32238 | Swamp:3  | Got a dazzling blowgun
 32239 | Swamp:3  | Identified the +3 blowgun "Abimeede" {speed, rC+ MP+9 Str-3 Dex+4} (You found it on level 3 of the Swamp)
 32648 | Swamp:3  | Noticed a thorn hunter
 32651 | Swamp:3  | Killed a thorn hunter
 32968 | Swamp:3  | Noticed a thorn hunter
 32976 | Swamp:3  | Killed a thorn hunter
 32976 | Swamp:3  | Reached skill level 18 in Spellcasting
 33682 | Spider:1 | Entered Level 1 of the Spider Nest
 35237 | Spider:1 | Received a gift from Sif Muna
 35238 | Spider:1 | Reached skill level 10 in Fighting
 35323 | Spider:1 | Identified Sif Muna's Almanac of Shifting Conjuration (Sif Muna gifted it to you on level 1 of the Spider Nest)
 35876 | Spider:1 | Slain by a wolf spider

Skill      XL: |  1  2  3  4  5  6  7  8  9 10 11 12 13 14 15 16 |
---------------+-------------------------------------------------+-----
Conjurations   | 5 6 7 8 10 12 13 15 16 | 16.8
Spellcasting   | 4 10 12 13 14 15 17 18 | 18.0
Dodging        | 5 6 9 |  9.3
Translocations | 2 3 |  3.4
Fighting       | 2 3 6 8 10 | 10.2
Charms         | 2 8 |  8.2
Staves         | 1 |  1.4
Stealth        | 3 5 6 8 |  8.1
Fire Magic     | 6 10 | 10.1
Earth Magic    | 6 |  6.0
Evocations     | 7 |  7.4
Shields        | 6 |  6.2

Action                   |  1- 3 |  4- 6 |  7- 9 | 10-12 | 13-15 | 16-18 || total
-------------------------+-------+-------+-------+-------+-------+-------++-------
Melee: Dagger            |       |       |     1 |       |       |       ||     1
       Rapier            |       |       |       |     5 |     6 |       ||    11
       Whip              |       |       |       |       |     1 |     2 ||     3
 Cast: Magic Dart        |    58 |    23 |   178 |   278 |   552 |   104 ||  1193
       Searing Ray       |     9 |    14 |    33 |    10 |       |       ||    66
       Iskenderun's Myst |       |     4 |    33 |   128 |   264 |   139 ||   568
       Iskenderun's Batt |       |       |    16 |    58 |   221 |    37 ||   332
       Repel Missiles    |       |       |     1 |     1 |     3 |       ||     5
       Conjure Flame     |       |       |       |     7 |     1 |       ||     8
       Iron Shot         |       |       |       |     5 |    97 |     1 ||   103
       Bolt of Magma     |       |       |       |       |    13 |       ||    13
       Fireball          |       |       |       |       |    47 |    26 ||    73
       Delayed Fireball  |       |       |       |       |     2 |     1 ||     3
       Blink             |       |       |       |       |     4 |    22 ||    26
       Ring of Flames    |       |       |       |       |     1 |       ||     1
Invok: Channel Energy    |       |       |       |       |   107 |       ||   107
 Abil: Release Delayed F |       |       |       |       |     1 |       ||     1
Evoke: Sack of spiders   |       |       |       |       |     1 |       ||     1
       Wand              |       |       |       |       |     1 |       ||     1
  Use: Scroll            |     3 |     3 |     2 |     5 |    27 |     2 ||    42
       Potion            |       |     1 |       |       |    15 |     1 ||    17
  Eat: Chunk             |     4 |     2 |    20 |    17 |    63 |     6 ||   112
       Bread ration      |       |     1 |       |       |     1 |       ||     2
       Fruit             |       |       |     2 |       |       |       ||     2
       Royal jelly       |       |       |       |       |     2 |       ||     2
       Beef jerky        |       |       |       |       |     1 |     4 ||     5
       Pizza             |       |       |       |       |     1 |       ||     1
Armor: Robe              |       |     1 |    36 |    16 |    50 |    47 ||   150
Dodge: Dodged            |     4 |     6 |   105 |    69 |   154 |   136 ||   474
       Deflected         |       |       |     2 |     8 |     3 |       ||    13
Block: Buckler           |       |       |       |       |    31 |    45 ||    76
